 Dungeon Crawl Stone Soup version 0.29-a0-664-gff9cad4a3d (webtiles) character file.

Game seed: 8009127773563316144

4924 HoaS the Grappler (level 10, -12/98 HPs)
             Began as a Troll Gladiator on June 22, 2022.
             Was a Follower of Okawaru.
             Mangled by a komodo dragon (22 damage)
             ... on level 7 of the Dungeon.
             The game lasted 00:17:04 (5575 turns).

HoaS the Grappler (Troll Gladiator)                 Turns: 5575, Time: 00:17:04

Health: -12/98     AC:  8    Str: 24    XL:     10   Next: 27%
Magic:  11/11      EV: 12    Int:  4    God:    Okawaru [*.....]
Gold:   1335       SH:  0    Dex: 15    Spells: 9/9 levels left

rFire   . . .      SeeInvis .     - Unarmed
rCold   . . .      Faith    .   (no shield)
rNeg    . . .      Spirit   .   s - +0 troll leather armour
rPois   .          Reflect  .   b - +0 hat
rElec   .          Harm     .   t - +0 cloak
rCorr   .          Rampage  .   (gloves unavailable)
Will    .....                   (boots unavailable)
Stlth   +.........              (no amulet)
HPRegen 1.86/turn               (no ring)
MPRegen 0.12/turn               (no ring)

@: no status effects
A: large, unfitting armour, claws 3, regeneration 1, shaggy fur 1, tough skin 1
a: Renounce Religion, Heroism


You were on level 7 of the Dungeon.
You worshipped Okawaru.
Okawaru was aware of your devotion.
You visited 1 branch of the dungeon, and saw 7 of its levels.

You collected 1335 gold pieces.

Inventory:

Missiles
 d - a large rock (quivered)
 j - 3 boomerangs
 l - 9 poisoned darts
 p - 5 javelins
Armour
 b - a +0 hat (worn)
 s - a +0 troll leather armour (worn)
 t - a +0 cloak (worn)
Wands
 c - a wand of flame (41)
Scrolls
 a - a scroll of fear {unknown}
 e - 2 scrolls of fog
 i - 4 scrolls of teleportation
Potions
 g - 2 potions of flight
 h - a potion of magic {unknown}
 k - 2 potions of lignification {unknown}
 m - a potion of might {unknown}
 n - 3 potions of mutation {unknown}
 o - 2 potions of attraction {unknown}
 q - a potion of degeneration {unknown}
 r - a potion of brilliance {unknown}


   Skills:
 + Level 6.2 Fighting
 + Level 3.6 Throwing
 + Level 4.4 Armour
 + Level 6.2 Dodging
 + Level 9.2 Unarmed Combat
 - Level 3.0 Invocations


You had 9 spell levels left.
You didn't know any spells.
Your spell library contained the following spells:

 Spells                   Type           Power      Damage    Failure   Level
 Ensorcelled Hibernation  Hex/Ice        0%         N/A       67%         2
 Passwall                 Tmut/Erth      0%         N/A       67%         2
 Sublimation of Blood     Necr           0%         N/A       67%         2
 Ignite Poison            Fire/Tmut/Pois 0%         N/A       88%         3
 Mephitic Cloud           Conj/Pois/Air  0%         N/A       88%         3
 Swiftness                Air            0%         N/A       88%         3
 Petrify                  Tmut/Erth      0%         N/A       99%         4
 Freezing Cloud           Conj/Ice/Air   0%         6-21      100%        5
 Irradiate                Conj/Tmut      0%         3d13      100%        5


Dungeon Overview and Level Annotations

Branches:
Dungeon (7/15)             Temple (0/1) D:7

Altars:
Gozag
Kikubaaqudgha
Okawaru
Uskayaw
The Shining One

Annotations:
D:4 3 runed translucent doors, gearnest's ghost, amateur DrMo


Innate Abilities, Weirdness & Mutations

You are too large for most types of armour.
You have claws for hands.
Your natural rate of healing is unusually fast.
You are covered in fur. (AC +1)
You have tough skin. (AC +1)


Message History

Unknown command.
You fail to use your ability.
The orc wizard points at you and mumbles some strange words.
You easily resist.
A komodo dragon comes into view.
You claw the orc wizard!
You kill the orc wizard!
Okawaru accepts your kill.
You closely miss the orc wizard.
The orc wizard hits you but does no damage.
You mangle the orc wizard!!
You kill the orc wizard!
Okawaru accepts your kill.
You barely miss the komodo dragon. The komodo dragon bites you.
You barely miss the komodo dragon. You barely miss the komodo dragon.
The komodo dragon completely misses you.
You scratch the komodo dragon but do no damage.
The komodo dragon bites you!!
You claw the komodo dragon!
The komodo dragon is moderately wounded.
The komodo dragon bites you.
You mangle the komodo dragon!!
The komodo dragon is severely wounded.
The komodo dragon bites you but does no damage.
You claw the komodo dragon!
You kill the komodo dragon!
Okawaru accepts your kill.
A vampire mosquito comes into view.
The vampire mosquito buzzes angrily.
You claw the komodo dragon!
The komodo dragon is heavily wounded.
You hear a shout!
You hear a horrible gurgling sound!
You hear a shout! x2
The komodo dragon bites you!!
* * * LOW HITPOINT WARNING * * *
You hear a shout!
You hear a roar!
You mangle the komodo dragon!!
The komodo dragon is almost dead.
The komodo dragon bites you!!
You die...

#.# ### ##.#
.....###..#
..........##
######
.#######...##
##.##..#
##.....##...#
##...##..#
##y##.##.##..#
##[.⌠..##..###l##
O# ##.#
#..[....##..#@##
o# #.#
#.#####..##.#.#
!# #.#
#.#.......#...# #
#.#
#.##..#####.#.#
#.#
#..##.......#.#
#.####
##..##.[⌠..###.
##.##..
##..##...## #.
##..##.#
##..##.## #.
##....... ###.###
#######..#..###


You could see a komodo dragon and a vampire mosquito.

Vanquished Creatures
  A two-headed ogre (D:7)
  A komodo dragon (D:7)
  2 trolls (D:7)
  Sigmund (D:6)
  Eustachio (D:6)
  2 steam dragons
  A water moccasin (D:7)
  A hornet zombie (D:7)
  2 sky beasts (D:7)
  An orc warrior (D:6)
  An ice beast (D:5)
  2 ogres
  3 bullfrogs
  A kobold brigand (D:7)
  4 scorpions
  2 wyvern zombies (D:7)
  3 necrophages
  7 wights
  5 killer bees (D:7)
  A howler monkey (D:7)
  A crimson imp (D:4)
  6 hounds
  A human zombie (D:7)
  6 jellies
  3 orc priests
  4 iguanas
  3 orc wizards
  2 killer bee zombies (D:7)
  A mummy (D:7)
  7 adders
  5 white imps
  2 ufetubi
  2 dart slugs
  17 orcs
  6 endoplasms
  7 giant cockroaches
  7 goblins
  5 hobgoblins
  5 quokkas
  6 ball pythons
  2 bats
  3 frilled lizards
  13 kobolds
  4 rats
160 creatures vanquished.

Vanquished Creatures (others)
  A white imp (D:7)
1 creature vanquished.

Grand Total: 161 creatures vanquished

Notes
Turn   | Place    | Note
-------+----------+-------------------------------------------
     0 | D:1      | HoaS the Troll Gladiator began the quest for the Orb.
     0 | D:1      | Reached XP level 1. HP: 19/19 MP: 0/0
    82 | D:1      | Reached XP level 2. HP: 27/27 MP: 1/1
   284 | D:1      | Reached skill level 4 in Unarmed Combat
   644 | D:2      | Reached XP level 3. HP: 29/33 MP: 2/2
   999 | D:2      | Found a faded altar of an unknown god.
  1136 | D:2      | Found an opulent altar of Gozag.
  1485 | D:3      | Reached XP level 4. HP: 41/41 MP: 3/3
  1588 | D:3      | Reached skill level 5 in Unarmed Combat
  2042 | D:4      | Found a runed translucent gate.
  2042 | D:4      | Found a runed translucent gate.
  2042 | D:4      | Found a runed translucent gate.
  2048 | D:4      | Noticed gearnest's ghost (amateur DrMo)
  2065 | D:4      | Found a glowing golden altar of the Shining One.
  2273 | D:4      | Noticed an ogre
  2290 | D:4      | Killed an ogre
  2291 | D:4      | Reached skill level 6 in Unarmed Combat
  2291 | D:4      | Reached XP level 5. HP: 49/49 MP: 4/4
  2650 | D:4      | Reached XP level 6. HP: 54/57 MP: 5/5
  2857 | D:5      | Entered Level 5 of the Dungeon
  2900 | D:5      | Found a hide-covered altar of Uskayaw.
  2925 | D:5      | Reached skill level 1 in Armour
  3002 | D:5      | Noticed an ice beast
  3013 | D:5      | Killed an ice beast
  3047 | D:5      | Reached XP level 7. HP: 63/66 MP: 6/6
  3291 | D:5      | Identified a scroll of acquirement
  3291 | D:5      | Acquired 1086 gold pieces
  3600 | D:6      | Noticed a steam dragon
  3606 | D:6      | Killed a steam dragon
  3607 | D:6      | Reached skill level 7 in Unarmed Combat
  3607 | D:6      | Reached XP level 8. HP: 75/75 MP: 7/7
  3787 | D:6      | Noticed Sigmund
  3804 | D:6      | Killed Sigmund
  4005 | D:6      | Noticed Eustachio
  4019 | D:6      | Killed Eustachio
  4628 | D:7      | Reached XP level 9. HP: 73/84 MP: 8/8
  4715 | D:6      | Reached skill level 5 in Dodging
  4715 | D:6      | Reached skill level 8 in Unarmed Combat
  4765 | D:7      | HP: 3/86 [steam dragon (2)]
  4806 | D:7      | Reached skill level 5 in Fighting
  5163 | D:7      | Found an ancient bone altar of Kikubaaqudgha.
  5174 | D:7      | Reached skill level 9 in Unarmed Combat
  5211 | D:7      | Found an iron altar of Okawaru.
  5236 | D:7      | Became a worshipper of Warmaster Okawaru
  5268 | D:7      | Found a staircase to the Ecumenical Temple.
  5360 | D:7      | Reached skill level 1 in Invocations
  5416 | D:7      | Noticed a troll
  5424 | D:7      | Killed a troll
  5480 | D:7      | Noticed a troll
  5495 | D:7      | Killed a troll
  5496 | D:7      | Reached XP level 10. HP: 52/98 MP: 11/11
  5547 | D:7      | Noticed a two-headed ogre
  5560 | D:7      | Killed a two-headed ogre
  5560 | D:7      | Reached * piety under Okawaru
  5575 | D:7      | Mangled by a komodo dragon

Illustrated notes

Levels and vault maps discovered:
D:1:      minmay_arrival_nine_rooms, layout_loops_ring
D:2:      layout_basic, basic_altar, ebering_ecumenical_altar_box
D:3:      layout_rooms
D:4:      layout_loops_ring, mainiacjoe_overflow_alcove_1, serial_rivers,
          chequers_serial_rivers_micro_d, chequers_serial_rivers_room_b,
          chequers_serial_rivers_micro_e, chequers_serial_rivers_micro_c,
          gammafunk_ghost_necromancy, minmay_fire_ice_demons
D:5:      minmay_chambers_of_threes, layout_cave_pools, nicolae_uskayaw_suspiria
D:6:      layout_basic, bh_walls_and_bars, uniq_eustachio, uniq_sigmund
D:7:      minmay_the_grid_octo_2x2 [minmay_the_grid_octo_chip,
          minmay_the_grid_octo_odd_swirl, minmay_the_grid_octo_77,
          minmay_the_grid_octo_prize_big_c], layout_loops_ring, okawaru_trees_1,
          lemuel_mausoleum_altar_kikubaaqudgha,
          minmay_temple_entry_drinking_statues, enter_bailey_6

Skill      XL: |  1  2  3  4  5  6  7  8  9 |
---------------+----------------------------+-----
Unarmed Combat | 4 6 7 9 |  9.2
Throwing       | 2 3 |  3.6
Fighting       | 2 3 4 6 |  6.2
Armour         | 1 2 4 |  4.4
Dodging        | 3 4 6 |  6.2
Invocations    | 3 |  3.0

Action                   |  1- 3 |  4- 6 |  7- 9 | 10-12 || total
-------------------------+-------+-------+-------+-------++-------
Melee: Unarmed           |   104 |   100 |   271 |    21 ||   496
       Punch             |     4 |     3 |    14 |       ||    21
Throw: Dart              |       |     2 |     3 |       ||     5
       Throwing net      |       |     3 |     1 |       ||     4
       Javelin           |       |       |     8 |       ||     8
  Use: Scroll            |     6 |       |     7 |       ||    13
       Potion            |       |       |     7 |       ||     7
 Stab: Sleeping          |       |     1 |     1 |       ||     2
       Distracted        |       |       |     1 |       ||     1
Armor: Robe              |    26 |    20 |    47 |       ||    93
       Troll leather arm |       |       |     2 |     2 ||     4
Dodge: Dodged            |    41 |    35 |   126 |     5 ||   207

Table legend: (Time is in decaauts)
 A = Elapsed time spent in this place.
 B = Non-inter-level travel time spent in this place.
 C = Inter-level travel time spent in this place.
 D = Time resting spent in this place.
 E = Time spent auto-exploring this place.
 F = Levels seen in this place.
 G = Mean time per level.
                   A        B        C        D        E       F      G
               +--------+--------+--------+--------+--------+-----+--------+
         Total |   5523 |   5408 |    115 |    641 |   3624 |   7 |  789.0 |
       Dungeon |   5523 |   5408 |    115 |    641 |   3624 |   7 |  789.0 |
               +--------+--------+--------+--------+--------+-----+--------+

Top non-repeatable levels by time:
     D:6: 1086 daAuts
     D:4: 1024 daAuts
     D:7: 859 daAuts
     D:2: 795 daAuts
     D:5: 701 daAuts
     D:1: 628 daAuts
     D:3: 428 daAuts
